 Dungeon Crawl Stone Soup version 0.25.1-1-g288607f5aa (webtiles) character file.

Game seed: 13320810022645355468

3852 Acheron the Grappler (level 9, -5/81 HPs)
             Began as a Troll Earth Elementalist on July 28, 2020.
             Was a Follower of Okawaru.
             Slain by a wolf (10 damage)
             ... on level 1 of the Lair of Beasts.
             The game lasted 00:29:16 (5327 turns).

Acheron the Grappler (Troll Earth Elementalist)     Turns: 5327, Time: 00:29:17

Health: -5/81      AC:  7    Str: 18    XL:     9   Next: 99%
Magic:  12/12      EV: 12    Int: 12    God:    Okawaru [*.....]
Gold:   259        SH:  0    Dex: 12    Spells: 12/13 levels left

rFire    . . .     SeeInvis .     - Unarmed
rCold    . . .     Gourm    +   (no shield)
rNeg     . . .     Faith    .   c - +1 robe
rPois    .         Spirit   .   (helmet restricted)
rElec    .         Reflect  .   (no cloak)
rCorr    .         Harm     .   (gloves unavailable)
MR       .....                  (boots unavailable)
Stlth    ++........             e - amulet of the acrobat
HPRegen  0.63/turn              (no ring)
MPRegen  0.13/turn              (no ring)

@: brilliant
A: large, unfitting armour, claws 3, fast metabolism 3, gourmand, regeneration
1, shaggy fur 1, tough skin 3
a: Heroism, Renounce Religion


You were on level 1 of the Lair of Beasts.
You worshipped Okawaru.
Okawaru was aware of your devotion.
You were completely stuffed.

You visited 3 branches of the dungeon, and saw 12 of its levels.

You collected 259 gold pieces.

Inventory:

Hand Weapons
 n - a +0 vorpal hand axe
 p - a +0 war axe
 t - the +10 spear of Oenomania {venom, Str+4, unknown}
   (You found it on level 8 of the Dungeon)

   It poisons the flesh of those it strikes.
   It affects your strength (+4).
Missiles
 b - 179 stones
 i - 2 sling bullets
 r - 8 javelins (quivered)
 s - 9 poisoned darts
Armour
 c - a +1 robe (worn)
Jewellery
 e - an amulet of the acrobat (around neck)
Scrolls
 k - 2 scrolls of enchant armour
 q - 3 scrolls of remove curse
Potions
 a - 2 potions of mutation
 f - a potion of cancellation
 j - 2 potions of curing
 l - a potion of invisibility
 o - 2 potions of flight {unknown}
Comestibles
 d - 13 rations
 g - a chunk of flesh


   Skills:
 * Level 3.1 Fighting
 * Level 3.4 Throwing
 * Level 5.1 Dodging
 * Level 2.9 Stealth
 * Level 9.1 Unarmed Combat
 * Level 2.9 Spellcasting
   Level 0.6 Transmutations
 * Level 4.6 Earth Magic


You had 12 spell levels left.
You knew the following spells:

 Your Spells              Type           Power        Failure   Level  Hunger
a - Sandblast             Erth           ###...       3%          1    None

Your spell library contained the following spells:

 Spells                   Type           Power        Failure   Level  Hunger
 Passwall                 Tmut/Erth      ##......     13%         2    None
 Stone Arrow              Conj/Erth      ##....       28%         3    None
 Confusing Touch          Hex            #.......     58%         3    None
 Gell's Gravitas          Tloc           #.........   58%         3    None
 Petrify                  Tmut/Erth      ##......     63%         4    None
 Lee's Rapid Deconstruct  Erth           ###.......   71%         5    None
 Yara's Violent Unravell  Hex/Tmut       #.........   99%         5    None
 Metabolic Englaciation   Hex/Ice        #.........   100%        5    None


Dungeon Overview and Level Annotations

Branches:
Dungeon (10/15)            Temple (1/1) D:7            Lair (1/6) D:10
    Orc: D:9-12

Altars:
Ashenzari
Cheibriados
Elyvilon
Fedhas
Gozag
Hepliaklqana
Makhleb
Nemelex Xobeh
Okawaru
Qazlal
Ru
Sif Muna
Trog
Uskayaw
Vehumet
Wu Jian
Xom
Yredelemnul
Zin
The Shining One

Shops:
D:4 (   D:5 %

Annotations:
D:3 exclusion: downstairs
D:4 1 runed translucent door
D:5 2 transporters, lllmatko's ghost, novice MiBe
D:8 Maggie


Innate Abilities, Weirdness & Mutations

You are too large for most types of armour.
You have claws for hands.
Your metabolism is lightning-fast.
You like to eat raw meat.
Your natural rate of healing is unusually fast.
You are covered in fur. (AC +1)
You have extremely tough skin. (AC +3)


Message History

Your claw misses the crocodile.
You hear a howl!
The crocodile bites you!
You hear a howl!
You closely miss the crocodile. The crocodile bites you!!
* * * LOW HITPOINT WARNING * * *
You mangle the crocodile!!
The crocodile is severely wounded.
The crocodile bites you!
* * * LOW HITPOINT WARNING * * *
You claw the crocodile!
You kill the crocodile!
Okawaru accepts your kill.
A wolf comes into view.
You barely miss the wolf. The wolf barely misses you. The wolf bites you!
* * * LOW HITPOINT WARNING * * *
It was a potion of brilliance.
You feel clever all of a sudden. The wolf bites you!
You die...

...# #.#. ... #P.
#..### #... ###
#######.###P###
#....:...h@...#
#..####.####..###
#..# ##..P## ##.#
#....# #.#
##รท...#
#.####.....#
#......##.##
#.##.#.....#
...#...#.#


You could see a wolf.

Vanquished Creatures
  Joseph (D:7)
  Psyche (D:8)
  A spiny frog (Lair:1)
  3 hippogriffs
  A porcupine (Lair:1)
  2 sky beasts
  2 orc warriors
  A phantom (D:8)
  4 ice beasts
  A necrophage (D:9)
  3 ogres (D:7)
  2 centaurs (D:9)
  3 crocodiles
  A wyvern zombie (D:6)
  A scorpion (D:9)
  A crimson imp (D:5)
  A human zombie (D:4)
  3 orc wizards
  2 orc priests
  A jelly (D:8)
  3 iguanas
  5 worker ants
  A howler monkey skeleton (D:4)
  7 adders
  3 gnolls (D:8)
  A river rat (D:8)
  An adder zombie (D:10)
  An adder skeleton (D:4)
  A worm (D:3)
  3 dart slugs (D:1)
  4 leopard geckos
  26 orcs
  9 bats
  3 giant cockroaches
  6 goblins
  6 hobgoblins
  7 jackals
  6 quokkas
  2 ball pythons (D:1)
  2 frilled lizards
  2 kobolds (D:1)
  14 rats
148 creatures vanquished.

Vanquished Creatures (others)
  A two-headed ogre (D:8)
  2 centaurs (D:8)
  An orc wizard (D:8)
  An adder skeleton (D:8)
  A rat (D:8)
6 creatures vanquished.

Grand Total: 154 creatures vanquished

Notes
Turn   | Place    | Note
-------+----------+-------------------------------------------
     0 | D:1      | Acheron the Troll Earth Elementalist began the quest for
                  | the Orb.
     0 | D:1      | Reached XP level 1. HP: 16/16 MP: 1/1
   192 | D:1      | Reached XP level 2. HP: 15/24 MP: 3/3
   218 | D:1      | Found a snail-covered altar of Cheibriados.
   501 | D:1      | Reached XP level 3. HP: 28/32 MP: 4/4
   706 | D:1      | Reached skill level 1 in Unarmed Combat
  1074 | D:2      | Reached XP level 4. HP: 39/40 MP: 5/5
  1316 | D:2      | Found a burning altar of Makhleb.
  1527 | D:3      | Reached skill level 2 in Unarmed Combat
  1727 | D:4      | Found Gofut's Antique Weapon Shoppe.
  1804 | D:4      | Reached XP level 5. HP: 19/46 MP: 6/6
  1886 | D:5      | Entered Level 5 of the Dungeon
  1918 | D:4      | Found a runed translucent door.
  1918 | D:4      | Noticed a human
  1932 | D:4      | Reached skill level 1 in Fighting
  1934 | D:4      | Found a basalt altar of Yredelemnul.
  1942 | D:4      | Noticed an ogre
  1962 | D:5      | Reached skill level 3 in Unarmed Combat
  2003 | D:6      | Noticed an ice beast
  2017 | D:6      | Killed an ice beast
  2017 | D:6      | Reached XP level 6. HP: 25/55 MP: 7/7
  2080 | D:6      | Noticed a sky beast
  2457 | D:5      | Reached skill level 1 in Throwing
  2466 | D:5      | Found a transporter.
  2466 | D:5      | Noticed lllmatko's ghost (novice MiBe)
  2552 | D:5      | Found Reriaqic's Food Shop.
  2568 | D:6      | Reached skill level 4 in Unarmed Combat
  2595 | D:6      | Found a faded altar of an unknown god.
  2595 | D:6      | Found a sparkling altar of Nemelex Xobeh.
  2601 | D:6      | Found a basalt altar of Yredelemnul.
  2603 | D:6      | Found a sacrificial altar of Ru.
  2604 | D:6      | Found a faded altar of an unknown god.
  2651 | D:6      | Noticed an orc warrior
  2691 | D:5      | Found a transporter.
  2823 | D:5      | Reached XP level 7. HP: 62/62 MP: 8/8
  3217 | D:7      | Noticed a hippogriff
  3230 | D:7      | Killed a hippogriff
  3230 | D:7      | Reached skill level 5 in Unarmed Combat
  3243 | D:7      | Noticed Joseph
  3271 | D:8      | Killed a two-headed ogre
  3301 | D:9      | Reached XP level 8. HP: 66/72 MP: 10/10
  3328 | D:8      | Noticed Psyche
  3340 | D:8      | Killed Psyche
  3340 | D:8      | Reached skill level 6 in Unarmed Combat
  3479 | D:8      | Noticed a hippogriff
  3504 | D:8      | Noticed Maggie
  3779 | D:8      | Found a shimmering altar of Xom.
  3796 | D:8      | Got a smoking spear
  3813 | D:8      | Killed a hippogriff
  3924 | D:6      | Found a white marble altar of Elyvilon.
  3959 | D:7      | Reached skill level 7 in Unarmed Combat
  4023 | D:7      | Noticed a hippogriff
  4040 | D:7      | Killed a hippogriff
  4040 | D:7      | Reached XP level 9. HP: 75/80 MP: 11/11
  4295 | D:7      | Found a staircase to the Ecumenical Temple.
  4311 | D:7      | Killed Joseph
  4311 | D:7      | Reached skill level 8 in Unarmed Combat
  4336 | Temple   | Entered the Ecumenical Temple
  4600 | Temple   | Became a worshipper of Warmaster Okawaru
  4619 | D:7      | Found a blossoming altar of Fedhas.
  4704 | D:9      | Found an opulent altar of Gozag.
  4727 | D:10     | Entered Level 10 of the Dungeon
  5101 | D:10     | Found a staircase to the Lair.
  5105 | Lair:1   | Entered Level 1 of the Lair of Beasts
  5126 | Lair:1   | Reached * piety under Okawaru
  5126 | Lair:1   | Reached skill level 5 in Dodging
  5307 | Lair:1   | Noticed a spiny frog
  5320 | Lair:1   | Killed a spiny frog
  5320 | Lair:1   | Reached skill level 9 in Unarmed Combat
  5326 | Lair:1   | HP: 4/81 [wolf (8)]
  5327 | Lair:1   | Slain by a wolf

Illustrated notes

Levels and vault maps discovered:
D:1:      minmay_arrival_five_plusses, layout_basic, cheibriados_altar_1
D:2:      layout_rooms, nicolae_overflow_crystal_walls
D:3:      kb_forest_paths, layout_basic, first_ration
D:4:      layout_cave_pools, lemuel_doored_altar, serial_shops,
          nicolae_shop_stone, dk_yredelemnul_ordeal
D:5:      layout_basic, serial_shops, shop, gammafunk_ghost_mausoleum,
          grunt_ministairs_15
D:6:      layout_basic, nicolae_overflow_hidden_temple, grunt_dithmenos_shadows,
          chequers_temple_overflow_minitemple, enter_ossuary_3,
          cheibrodos_sewer_entry_sluice, serial_shops,
          nicolae_shop_overgrown_old_shop
D:7:      layout_cave_pools, minmay_temple_entry_tees, basic_altar, uniq_joseph
D:8:      lemuel_ratsnest, layout_loops_ring, xom_confusion_cloud,
          enter_bailey_2, uniq_psyche, uniq_maggie
D:9:      layout_rooms, kiku_gazebo_pond_becter, basic_altar
D:10:     layout_basic, lair_entry_dummy, serial_shops, shop, uniq_snorg,
          uniq_nergalle
Temple:   nicolae_temple_figure_eight
Lair:1:   layout_loops_ring, nzn_random_ring, grunt_megastairs_2, uniq_gastronok

Skill      XL: |  1  2  3  4  5  6  7  8  9 |
---------------+----------------------------+-----
Dodging        | 2 3 4 5 |  5.1
Earth Magic    | 3 4 |  4.6
Unarmed Combat | 1 2 3 4 5 7 9 |  9.1
Fighting       | 1 2 3 |  3.1
Throwing       | 1 2 3 |  3.4
Spellcasting   | 2 |  2.9
Stealth        | 2 |  2.9
Transmutations | |  0.6

Action                   |  1- 3 |  4- 6 |  7- 9 || total
-------------------------+-------+-------+-------++-------
Melee: Unarmed           |   144 |   200 |   278 ||   622
       Punch             |       |     2 |     7 ||     9
Throw: Dart              |       |       |     8 ||     8
       Javelin           |       |       |     4 ||     4
 Cast: Sandblast         |     3 |       |       ||     3
  Use: Scroll            |       |     8 |     1 ||     9
       Potion            |       |       |     5 ||     5
 Stab: Sleeping          |     1 |     1 |     1 ||     3
       Invisible         |       |       |     3 ||     3
  Eat: Chunk             |    15 |    13 |    27 ||    55
Armor: Robe              |   129 |    72 |    86 ||   287
Dodge: Dodged            |   165 |   149 |   188 ||   502
